 Dungeon Crawl Stone Soup version 0.17.1-2-g5865329 (webtiles) character file.

130 PossumBlood the Conjurer (level 4, -5/24 HPs)
             Began as a Deep Elf Conjurer on Jan 23, 2016.
             Killed by divine providence
             ... invoked by an orc priest
              (13 damage)
             ... on level 3 of the Dungeon.
             The game lasted 00:07:50 (2447 turns).

PossumBlood the Conjurer (Deep Elf Conjurer)        Turns: 2447, Time: 00:07:50

Health: -5/24      AC:  4    Str:  5    XL:     4   Next: 89%
Magic:  0/10       EV: 13    Int: 21    God:
Gold:   177        SH:  0    Dex: 15    Spells: 1 memorised, 8 levels left

rFire  . . .     SeeInvis .     i - +0 dagger
rCold  . . .     Clarity  .     a - +0 robe
rNeg   . . .     SustAt   .     (no shield)
rPois  .         Gourm    .     k - +2 hat
rElec  .         Spirit   .     (no cloak)
rCorr  .         Warding  .     (no gloves)
rMut   .         Stasis   .     (no boots)
MR     .....                    (no amulet)
Stlth  ++........               (no ring)
                                (no ring)

@: not resistant to hostile enchantments, unstealthy
A: no striking features
a: no special abilities


You were on level 3 of the Dungeon.
You were not hungry.

You visited 1 branch of the dungeon, and saw 3 of its levels.

You collected 177 gold pieces.

Inventory:

Hand Weapons
 i - a +0 dagger (weapon)
Armour
 a - a +0 robe (worn)
 k - a +2 hat (worn)
Scrolls
 d - 2 scrolls of remove curse
 g - a scroll of identify
 l - a scroll of teleportation
 m - a scroll of magic mapping {unknown}
 n - a scroll of fear
 o - a scroll of noise {unknown}
Potions
 e - 2 potions of curing
 f - a potion of cancellation
 j - a potion of heal wounds {unknown}
Books
 b - a book of Conjurations

   Spells                             Type                      Level
   a - Magic Dart                     Conjuration                  1
   b - Searing Ray                    Conjuration                  2
   c - Dazzling Spray                 Conjuration/Hexes            3
   d - Fulminant Prism                Conjuration/Hexes            4
   e - Iskenderun's Mystic Blast      Conjuration                  4
   f - Iskenderun's Battlesphere      Conjuration/Charms           5
Comestibles
 c - a bread ration
 h - a beef jerky


   Skills:
 - Level 2.4 Dodging
 - Level 2.4 Stealth
 - Level 3.0 Spellcasting
 * Level 6.9 Conjurations


You had 8 spell levels left.
You knew the following spells:

 Your Spells              Type           Power        Failure   Level  Hunger
a - Magic Dart            Conj           ####         1%          1    None


Dungeon Overview and Level Annotations

Branches:
Dungeon (3/15)

Altars:
Trog
Xom


Message History

You kill the orc!
The orc priest casts a cantrip, but nothing happens.
Casting: Magic Dart
Confirm with . or Enter, or press ? or * to list all spells.
Aiming: Magic Dart
Press: ? - help, Shift-Dir - straight line, f - orc
Aim: an orc, wielding a falchion The magic dart hits the orc.
The orc is moderately wounded.
Casting: Magic Dart
Confirm with . or Enter, or press ? or * to list all spells.
Aiming: Magic Dart
Press: ? - help, Shift-Dir - straight line, f/p - orc
Aim: an orc, wielding a falchion (moderately wounded)
The magic dart hits the orc.
The orc is almost dead.
The orc priest invokes the aid of Beogh against you.
Something smites you!
Ouch! That really hurt!
You die...

#...>)#.....##
#....'
#....)..#....#
#.####
#.###...)....#
#.###.
#.#....##....#
#.##..
#.'...†r#..>.#
#.##..
###....)######
####+##.. #.....#
#......#' #...oo#
#......#. #####@#
#......#. #####.#
#......## #.....#
####'###
#.######### #.#
######
#.##......#######.#
.....#
#.##......'.......#
.....#
#.##......#########
.....# #.#####'###
.....# #.# #.#####


You could see an orc priest, an orc and a rat.

Vanquished Creatures
  3 adders
  4 gnolls (D:3)
  2 worms (D:2)
  3 giant geckos
  2 orcs (D:3)
  A ball python (D:2)
  4 goblins
  6 hobgoblins
  A quokka (D:2)
  7 bats
  5 giant cockroaches
  2 giant newts (D:2)
  7 jackals (D:2)
  4 kobolds
  3 rats
54 creatures vanquished.

Notes
Turn   | Place    | Note
--------------------------------------------------------------
     0 | D:1      | PossumBlood the Deep Elf Conjurer began the quest for the Orb.
     0 | D:1      | Reached XP level 1. HP: 10/10 MP: 6/6
    93 | D:1      | Found a shimmering altar of Xom.
   328 | D:1      | Reached XP level 2. HP: 15/15 MP: 4/8
   391 | D:1      | Reached skill level 5 in Conjurations
   796 | D:2      | Found a bloodstained altar of Trog.
   999 | D:2      | Reached XP level 3. HP: 19/19 MP: 6/9
  1222 | D:2      | Found a bloodstained altar of Trog.
  1227 | D:2      | Reached skill level 6 in Conjurations
  1468 | D:2      | Reached XP level 4. HP: 24/24 MP: 2/10
  2447 | D:3      | Killed from afar by an orc priest

Action                   |  1- 3 |  4- 6 || total
-------------------------+-------+-------++-------
 Cast: Magic Dart        |    79 |    47 ||   126
  Use: Scroll            |     5 |     1 ||     6
  Eat: Bread ration      |     1 |       ||     1
